 Dungeon Crawl Stone Soup version 0.14-a0-1330-g3eed206 (webtiles) character file.

140 PolkaDot the Cutter (level 4, -3/34 HPs)
             Began as a Vampire Death Knight on Dec 6, 2013.
             Was a Believer of Yredelemnul.
             Slain by an orc
             ... wielding a cursed -3,+0 orcish whip
              (5 damage)
             ... on Level 3 of the Dungeon.
             The game lasted 00:06:44 (1774 turns).

PolkaDot the Cutter (Vampire Death Knight)          Turns: 1774, Time: 00:06:45

HP  -3/34        AC  5     Str 10 (12) XL: 4   Next: 35%
MP   5/5         EV 10     Int 13      God: Yredelemnul [**....]
Gold 48          SH  0     Dex 14      Spells:  0 memorised,  3 levels left

rFire  . . .     SeeInvis +     a - +1,+2 short sword
rCold  . . .     Clarity  .     b - +0 leather armour (curse)
rNeg   + . .     Conserve .     (no shield)
rPois  .         rCorr    .     (no helmet)
rElec  .         rRot     .     (no cloak)
SustAb . .       Spirit   .     i - +1 pair of gloves
rMut   .         Warding  .     (no boots)
Saprov . . .     Stasis   .     (no amulet)
                                (no ring)
                                (no ring)

@: flying, very slightly contaminated, hasted, very quick, slightly resistant to
hostile enchantments, unstealthy
A: fangs 3, see invisible, unbreathing
a: Bat Form, Animate Remains, Recall Undead Slaves, Injury Mirror, Renounce
Religion


You were on level 3 of the Dungeon.
You worshipped Yredelemnul.
Yredelemnul was pleased with you.
You were not thirsty.

You visited 1 branch of the dungeon, and saw 3 of its levels.

You collected 48 gold pieces.

Inventory:

Hand weapons
 a - a +1,+2 short sword (weapon)
Armour
 b - a cursed +0 leather armour (worn)
 i - a +1 pair of gloves (worn)
Potions
 d - a potion of degeneration


   Skills:
 + Level 2.7 Fighting
 * Level 4.4 Short Blades
 - Level 0.7 Armour
 - Level 1.1 Dodging
 - Level 2.4 Invocations


You had 3 spell levels left.
You didn't know any spells.

Dungeon Overview and Level Annotations

Branches:
Dungeon (3/16)

Altars:

Annotations:
D:3 Terence


Innate Abilities, Weirdness & Mutations

You have razor-sharp teeth.*
You have supernaturally acute eyesight.
You can survive without breathing.*


Message History

* * * LOW HITPOINT WARNING * * *
You hit Terence.
Terence is severely wounded.
The orc closely misses you.
You hit Terence.
Terence is almost dead.
Terence hits you with a short sword.
* * * LOW HITPOINT WARNING * * *
The orc barely misses you.
You hit Terence but do no damage.
Terence is almost dead.
The orc hits you but does no damage.
Your leather armour prevents you from hitting Terence.
Terence is almost dead.
Terence barely misses you. The orc barely misses you.
You closely miss Terence.
Terence is almost dead.
The orc hits you with a runed orcish whip.
You die...
Yredelemnul claims you as an undead slave.

#####
**###########...#####**
**
*,.........ooo........ ,
,,.........wo@@........*
**
**##.....>############
** * #......# **** ,,*
#..o...# ***,,,* ,*,*
#..w...# *,,,,,*
*,***#..o...#**,,,,,*
,,,,,,........,, , **
,,,,***#######*****,****
,,,,* *,,,,*


You could see a worm, Terence and 4 orcs.

Vanquished Creatures
  4 adders
  A giant mite (D:1)
  A worm (D:3)
  6 bats
  4 giant cockroaches
  5 hobgoblins (D:1)
  3 jackals (D:1)
  A ball python (D:1)
  4 giant newts
  3 goblins (D:2)
  7 kobolds
  4 rats
43 creatures vanquished.

Vanquished Creatures (collateral kills)
  An orc (D:3)
  A giant cockroach (D:1)
  A kobold (D:1)
  A giant newt (D:1)
4 creatures vanquished.

Vanquished Creatures (others)
  A worm zombie (D:3)
  An adder skeleton (D:3)
  A ball python skeleton (D:1)
  A giant cockroach zombie (D:1)
  A hobgoblin skeleton (D:1)
  A kobold zombie (D:3)
  A rat skeleton (D:1)
7 creatures vanquished.

Grand Total: 54 creatures vanquished

Notes
Turn   | Place    | Note
--------------------------------------------------------------
     0 | D:1      | PolkaDot, the Vampire Death Knight, began the quest for the Orb.
     0 | D:1      | Reached XP level 1. HP: 16/16 MP: 1/1
    44 | D:1      | Reached XP level 2. HP: 16/22 MP: 2/2
   129 | D:1      | Reached skill level 3 in Short Blades
   474 | D:1      | Reached XP level 3. HP: 24/27 MP: 4/4
   543 | D:1      | Acquired Yredelemnul's second power
  1506 | D:3      | Reached skill level 4 in Short Blades
  1548 | D:3      | Reached XP level 4. HP: 34/34 MP: 3/5
  1741 | D:3      | Noticed Terence
  1774 | D:3      | Slain by an orc

Action                   |  1- 3 |  4- 6 || total
-------------------------+-------+-------++-------
Melee: Short sword       |   137 |    40 ||   177
Invok: Animate Remains   |    14 |     1 ||    15
       Recall Undead Sla |       |     1 ||     1
  Use: Potion            |     1 |     4 ||     5
       Scroll            |       |     6 ||     6
